 Dungeon Crawl Stone Soup version 0.28.0-49-g6dfe1f597d (webtiles) character file.

Game seed: 15522606738264964205

4256 Dreadrock the Cleaver (level 10, -4/136 HPs)
             Began as a Deep Dwarf Berserker on May 12, 2022.
             Was a High Priest of Trog.
             Slain by a two-headed ogre
             ... wielding a +0 giant spiked club
              (6 damage)
             ... on level 8 of the Dungeon.
             The game lasted 00:24:09 (5989 turns).

Dreadrock the Cleaver (Deep Dwarf Berserker)        Turns: 5989, Time: 00:24:09

Health: -4/136     AC:  7    Str: 31    XL:     10   Next: 10%
Magic:  4/4        EV:  7    Int:  8    God:    Trog [*****.]
Gold:   814        SH: 15    Dex: 16    Spells: 9/9 levels left

rFire   x . .      SeeInvis .   q - +1 broad axe
rCold   + . .      Faith    .   i - +0 tower shield
rNeg    . . .      Spirit   .   c - +0 plate armour
rPois   +          Reflect  .   s - +0 helmet
rElec   .          Harm     .   a - +0 cloak
rCorr   .          Rampage  .   (no gloves)
Will    +....                   (no boots)
Stlth   ..........              (no amulet)
HPRegen 0.00/turn               o - +6 ring of strength
MPRegen 0.09/turn               p - ring of Goteos Santi {Ice rPois Dex+4}

@: berserking (expiring), corroded, very quick
A: damage resistance, heal wounds, sense surroundings 2, no regeneration
a: Heal Wounds, Renounce Religion, Berserk, Trog's Hand, Brothers in Arms


You were on level 8 of the Dungeon.
You worshipped Trog.
Trog was extremely pleased with you.
You visited 1 branch of the dungeon, and saw 8 of its levels.

You collected 870 gold pieces.
You spent 56 gold pieces at shops.

Inventory:

Hand Weapons
 m - a +1 war axe
 q - a +1 broad axe (weapon)
Armour
 a - a +0 cloak (worn)
 c - a +0 plate armour (worn)
 i - a +0 tower shield (worn)
 s - a +0 helmet (worn)
Jewellery
 b - an amulet of regeneration
 h - an amulet of magic regeneration
 o - a +6 ring of strength (left hand)
 p - the ring of Goteos Santi (right hand) {Ice rPois Dex+4}
   (You found it on level 5 of the Dungeon)

   [ring of ice]

   It enhances your ice magic.
   Dex:       It affects your dexterity (+4).
   rF:        It makes you vulnerable to fire.
   rC:        It protects you from cold.
   rPois:     It protects you from poison.
 u - a ring of magical power
Wands
 f - a wand of iceblast (24)
Scrolls
 t - a scroll of magic mapping
 v - a scroll of enchant weapon
 x - a scroll of fear
Potions
 d - a potion of might
 e - a potion of berserk rage
 g - 2 potions of curing
 w - 2 potions of brilliance {unknown}


   Skills:
 + Level 6.3 Fighting
 * Level 10.3 Axes
 + Level 7.2 Armour
 - Level 5.3 Dodging
 * Level 6.7 Shields


You had 9 spell levels left.
You didn't know any spells.
Your spell library was empty.

Dungeon Overview and Level Annotations

Branches:
Dungeon (8/15)             Temple (0/1) D:4
   Lair: D:8-11

Altars:
Okawaru
Wu Jian

Shops:
D:5 ((   D:6 (


Innate Abilities, Weirdness & Mutations

You are resistant to damage.
You can heal yourself by infusing magical energy.
You passively map the area around you.
You do not regenerate.


Message History

You slash the acid dragon! The acid dragon bites you.
The acid dragon claws you but does no damage.
You hit the two-headed ogre.
The two-headed ogre is lightly wounded.
You slash the acid dragon!
You kill the acid dragon!
Trog accepts your kill.
You hit the two-headed ogre. You block the two-headed ogre's attack.
The two-headed ogre completely misses you.
The two-headed ogre hits you with a +4 dire flail!
You block the two-headed ogre's attack.
Your Armour skill increases to level 7!
You slash the two-headed ogre!
The two-headed ogre is moderately wounded.
You slash the two-headed ogre! You block the two-headed ogre's attack.
The two-headed ogre barely misses you.
You slash the two-headed ogre!
The two-headed ogre is severely wounded.
You slice the two-headed ogre!!
The two-headed ogre hits you with a +4 dire flail.
The two-headed ogre barely misses you.
The two-headed ogre hits you with a +0 giant spiked club!
* * * LOW HITPOINT WARNING * * *
The two-headed ogre hits you with a +0 giant club!
* * * LOW HITPOINT WARNING * * *
You slice the two-headed ogre!!
You kill the two-headed ogre!
Trog accepts your kill.
You hit the two-headed ogre but do no damage.
You have reached level 10!
You hit the two-headed ogre but do no damage.
The two-headed ogre is severely wounded.
The two-headed ogre hits you with a +0 giant spiked club!
* * * LOW HITPOINT WARNING * * *
The two-headed ogre hits you with a +0 giant club!
* * * LOW HITPOINT WARNING * * *
You barely miss the two-headed ogre.
The two-headed ogre is severely wounded.
The two-headed ogre hits you with a +0 giant spiked club!
You die...

, ,
##.............#
**, ,
...............#
≈≈ ,
.....8.8.8.8..#
≈ , , *
##...........##
, ,
##....8.8.8.8.#
, , ,
#.............#
,
......8.8.....#
,
,..............#
,
,...###O@#######
, .#* ##).# , ,
##..#* , , *
#..# , , , *
..#* *#..* * , ,
#.. * * ** ... ,
, , ,, *


You could see a two-headed ogre.

Vanquished Creatures
  A two-headed ogre (D:8)
  The ghost of 101zpm the Magician, a novice DjFE (D:5)
  Grinder (D:6)
  A wyvern (D:7)
  Edmund (D:6)
  An acid dragon (D:8)
  3 water moccasins
  Duvessa (D:4)
  An ice beast (D:5)
  A sky beast (D:5)
  A black bear (D:4)
  4 ogres
  A centaur (D:6)
  3 kobold brigands
  2 bullfrogs
  A gnoll sergeant (D:5)
  A water moccasin zombie (D:5)
  5 scorpions
  A water moccasin skeleton (D:5)
  A wyvern skeleton (D:7)
  Dowan (D:4)
  5 wights (D:6)
  A hound (D:5)
  A jelly (D:8)
  3 orc priests
  A bullfrog skeleton (D:6)
  5 iguanas
  2 orc wizards
  A killer bee zombie (D:7)
  A hound zombie (D:5)
  A howler monkey zombie (D:7)
  5 gnolls (D:5)
  5 adders
  A shadow imp (D:5)
  3 white imps
  2 ufetubi
  2 worms (D:2)
  A dart slug (D:3)
  19 orcs
  6 endoplasms
  5 giant cockroaches
  6 goblins
  4 hobgoblins
  11 jackals
  9 ball pythons
  5 bats
  7 frilled lizards
  18 kobolds
  6 rats
169 creatures vanquished.

Vanquished Creatures (others)
  2 kobolds (D:5)
  3 fungi (D:5)
  3 plants
8 creatures vanquished.

Grand Total: 177 creatures vanquished

Notes
Turn   | Place    | Note
-------+----------+-------------------------------------------
     0 | D:1      | Dreadrock the Deep Dwarf Berserker began the quest for the
                  | Orb.
     0 | D:1      | Reached XP level 1. HP: 20/20 MP: 1/1
    24 | D:1      | Reached XP level 2. HP: 20/27 MP: 2/2
   376 | D:1      | Reached ** piety under Trog
   557 | D:1      | Reached XP level 3. HP: 29/33 MP: 2/2
   952 | D:2      | Reached skill level 4 in Axes
  1290 | D:2      | Reached XP level 4. HP: 27/42 MP: 3/3
  1558 | D:2      | Found an iron altar of Okawaru.
  1607 | D:2      | Identified a scroll of acquirement
  1607 | D:2      | Acquired 554 gold pieces
  1849 | D:3      | Found a faded altar of an unknown god.
  2400 | D:4      | Reached XP level 5. HP: 25/49 MP: 3/3
  2409 | D:4      | Found a staircase to the Ecumenical Temple.
  2416 | D:4      | Noticed an ogre
  2425 | D:4      | Killed an ogre
  2426 | D:4      | Reached skill level 5 in Axes
  2489 | D:4      | Reached *** piety under Trog
  2758 | D:4      | Reached XP level 6. HP: 44/56 MP: 4/4
  2784 | D:4      | Noticed Duvessa
  2787 | D:4      | Noticed Dowan
  2796 | D:4      | Killed Duvessa
  2818 | D:4      | Killed Dowan
  2920 | D:4      | Reached skill level 6 in Axes
  2920 | D:4      | Reached XP level 7. HP: 54/64 MP: 4/4
  3156 | D:5      | Entered Level 5 of the Dungeon
  3266 | D:5      | Found Gekkipt's Weapon Shop.
  3314 | D:5      | Identified the ring of Goteos Santi {Ice rPois Dex+4}
  3400 | D:5      | Bought a +0 broad axe for 56 gold pieces
  3529 | D:5      | Reached skill level 7 in Axes
  3545 | D:5      | Found a runed translucent gate.
  3546 | D:5      | Found a runed translucent gate.
  3546 | D:5      | Noticed 101zpm's ghost (novice DjFE)
  3548 | D:5      | Found a runed translucent gate.
  3628 | D:5      | Found Cyitinaa's Weapon Boutique.
  3668 | D:5      | Reached skill level 5 in Armour
  3668 | D:5      | Reached XP level 8. HP: 44/73 MP: 5/5
  3722 | D:5      | Reached skill level 5 in Dodging
  4060 | D:5      | Reached **** piety under Trog
  4061 | D:5      | Reached skill level 5 in Fighting
  4061 | D:5      | Reached skill level 1 in Shields
  4069 | D:5      | Killed 101zpm's ghost
  4070 | D:5      | Reached skill level 8 in Axes
  4195 | D:6      | Noticed Grinder
  4208 | D:6      | Paralysed by Grinder for 6 turns
  4219 | D:6      | Killed Grinder
  4220 | D:6      | Gained mutation: You passively map the area around you.
                  | [Deep Dwarf growth]
  4220 | D:6      | Reached XP level 9. HP: 77/81 MP: 5/5
  4370 | D:6      | Reached skill level 9 in Axes
  4461 | D:6      | Noticed Edmund
  4474 | D:6      | Killed Edmund
  4535 | D:6      | Found Ucizeq's Antique Weapon Shoppe.
  4567 | D:6      | Reached skill level 5 in Shields
  5175 | D:7      | Found an ornate altar of the Wu Jian Council.
  5600 | D:7      | Reached ***** piety under Trog
  5692 | D:7      | Reached skill level 10 in Axes
  5974 | D:8      | Noticed a two-headed ogre
  5976 | D:8      | Noticed a two-headed ogre
  5987 | D:8      | Killed a two-headed ogre
  5988 | D:8      | Reached XP level 10. HP: 20/91 MP: 4/4
  5988 | D:8      | HP: 5/136 [two-headed ogre/+0 giant spiked club (15)]
  5988 | D:8      | HP: 2/136 [two-headed ogre/+0 giant spiked club (3)]
  5989 | D:8      | Slain by a two-headed ogre

Illustrated notes

Levels and vault maps discovered:
D:1:      beargit_arrival_greenhouse, layout_loops_ring, serial_bayou_pond_a,
          minmay_misc_feat_pillars
D:2:      layout_loops_cross, basic_altar, minmay_fractal_squares_gapless_5
D:3:      layout_basic, hellmonk_ecumenical_altar_pennies_from_heaven
D:4:      layout_loops_cross, minmay_temple_entry_glass, uniq_duvessa
D:5:      layout_loops_ring, serial_shops, nicolae_inconvenience_store,
          gammafunk_ghost_nasty_kobolds, nicolae_wooded_promenade
D:6:      layout_loops_corners, serial_shops, nicolae_shop_hallway_plus,
          uniq_edmund, uniq_grinder
D:7:      layout_cave_pods, mainiacjoe_overflow_tiny_flanked
D:8:      layout_cave_pods, lair_entry_dummy, serial_column_ruins,
          column_ruins_temple_hall, column_ruins_columns_dead_end,
          column_ruins_open_tiny_water, column_ruins_open_small,
          column_ruins_grid_4, column_ruins_open_small, uniq_maggie

Skill      XL: |  1  2  3  4  5  6  7  8  9 |
---------------+----------------------------+-----
Axes           | 4 5 6 7 8 10 | 10.3
Fighting       | 3 4 5 6 |  6.3
Dodging        | 3 4 5 |  5.3
Armour         | 3 4 5 6 7 |  7.2
Shields        | 3 6 |  6.7

Action                   |  1- 3 |  4- 6 |  7- 9 | 10-12 || total
-------------------------+-------+-------+-------+-------++-------
Melee: Hand axe          |   100 |       |       |       ||   100
       Punch             |     2 |     2 |     2 |       ||     6
       War axe           |    21 |    95 |    48 |       ||   164
       Broad axe         |       |       |   253 |     2 ||   255
Invok: Berserk           |       |     2 |     1 |       ||     3
 Abil: Heal Wounds       |     1 |     6 |    15 |       ||    22
  Use: Scroll            |       |     9 |     8 |       ||    17
 Stab: Sleeping          |     1 |     2 |       |       ||     3
Armor: Animal skin       |    33 |     3 |       |       ||    36
       Plate armour      |       |    37 |   187 |       ||   224
Dodge: Dodged            |    81 |    46 |    80 |       ||   207
Block: Tower shield      |       |       |   196 |       ||   196
